 Dungeon Crawl Stone Soup version 0.30-a0-557-ge2afbf3030 (webtiles) character file.

Game seed: 18286526597466578126

7 hikkokomori the Sneak (level 1, 0/9 HPs)
             Began as a Spriggan Enchanter on Dec 28, 2022.
             Slain by a jackal (3 damage)
             ... on level 1 of the Dungeon.
             The game lasted 00:00:54 (219 turns).

hikkokomori the Sneak (Spriggan Enchanter)           Turns: 219, Time: 00:00:54

Health: 0/9        AC:  2    Str:  4    XL:     1   Next: 91%
Magic:  5/5        EV: 17    Int: 16    God:
Gold:   22         SH:  0    Dex: 15    Spells: 5/5 levels left

rFire   . . .      SeeInvis +    a - +1 dagger
rCold   . . .      Faith    .    (no shield)
rNeg    . . .      Spirit   .    b - +0 robe
rPois   .          Reflect  .    (helmet restricted)
rElec   .          Harm     .    (no cloak)
rCorr   .          Rampage  .    (gloves unavailable)
Will    .....                    (boots unavailable)
Stlth   +++                      (no amulet)
HPRegen 0.21/turn                (no ring)
MPRegen 0.09/turn                (no ring)

@: invisible, very quick
A: very small, no large weapons, unfitting armour, see invisible, speed 3
a: no special abilities


You were on level 1 of the Dungeon.
You visited 1 branch of the dungeon, and saw 1 of its levels.

You collected 22 gold pieces.

Inventory:

Hand Weapons
 a - a +1 dagger (weapon)
Armour
 b - a +0 robe (worn)
Potions
 c - a potion of invisibility
 d - a potion of cancellation {unknown}


   Skills:
 + Level 0.3 Fighting
 - Level 1.1 Short Blades
 - Level 2.7 Dodging
 + Level 4.6 Stealth
 + Level 2.9 Spellcasting
 + Level 3.8 Hexes


You had 5 spell levels left.
You didn't know any spells.
Your spell library contained the following spells:

 Spells                   Type           Power      Damage    Failure   Level
 Confusing Touch          Hex            14%        N/A       12%         3
 Tukima's Dance           Hex            14%        N/A       12%         3
 Ensorcelled Hibernation  Hex/Ice        16%        N/A       13%         2
 Dazzling Flash           Conj/Hex       16%        N/A       26%         3


Dungeon Overview and Level Annotations

Branches:
Dungeon (1/15)

Altars:


Innate Abilities, Weirdness & Mutations

You are very small and have problems with some larger weapons.
You are too small for most types of armour.
You have supernaturally acute eyesight. (SInv)
You cover ground extremely quickly. (Speed+++)


Message History

You closely miss the jackal.
The jackal is heavily wounded.
The jackal closely misses you.
The jackal bites you but does no damage.
You hit the jackal.
You kill the jackal!
The bat closely misses you. The jackal closely misses you.
You closely miss the bat. The bat misses you. The jackal completely misses you.
The jackal closely misses you.
You barely miss the bat. The bat misses you. The bat completely misses you.
The jackal misses you. The jackal barely misses you.
You hit the bat.
The bat is severely wounded.
The bat completely misses you. The bat closely misses you.
The jackal barely misses you. x2; The jackal bites you.
You barely miss the bat.
The bat is severely wounded.
The bat misses you. The jackal completely misses you.
The jackal closely misses you.
You hit the bat.
You kill the bat!
The jackal bites you. The jackal closely misses you. The jackal bites you.
* * * LOW HITPOINT WARNING * * *
You are too injured to fight recklessly!
You are too injured to fight recklessly!
You are too injured to fight recklessly!
You are too injured to fight recklessly!
Unknown command.
The jackal misses you.
There is an open door here.
You close the door.
You aren't carrying any scrolls.
You fade into invisibility!
You hit the jackal but do no damage.
A kobold opens the door.
The jackal closely misses you.
You barely miss the jackal. The jackal barely misses you. The jackal bites you.
You hit the jackal.
The jackal is heavily wounded.
The jackal closely misses you. The jackal bites you.
You die...

....#.#
#.#####.###
#.. #..#.# #.#
##..
#..#.####.#
#.# ##...
#.........#
#.###....
###.##.#######
#.##8..8.
#............#
#..'.....
#.#.##.#####.
##.'.....
#.#.#..h.#
#.'.....
#.#.#..#@#
###8..8.
#.#.#..#h#
##....
#...#.>#'##
##...
#####...Kh##
##.. #......#
#.. ###.....#
#.. #...#.#.#
#.. #†....#.#
#.♣ #†.####.#
♣♣♣


You could see 3 jackals and a kobold (unable to see you).

Vanquished Creatures
  A bat (D:1)
  2 giant cockroaches (D:1)
  A jackal (D:1)
  A kobold (D:1)
  A frilled lizard (D:1)
6 creatures vanquished.

Notes
Turn   | Place    | Note
-------+----------+-------------------------------------------
     0 | D:1      | hikkokomori the Spriggan Enchanter began the quest for the
                  | Orb.
     0 | D:1      | Reached XP level 1. HP: 9/9 MP: 5/5
   219 | D:1      | Slain by a jackal

Illustrated notes

Levels and vault maps discovered:
D:1:      kennysheep_arrival_forest, layout_basic

Action                   || total
-------------------------++-------
Melee: Dagger            ||    27
  Use: Potion            ||     1
 Stab: Sleeping          ||     1
Armor: Robe              ||     5
Dodge: Dodged            ||    39

Table legend: (Time is in decaauts)
 A = Elapsed time spent in this place.
 B = Non-inter-level travel time spent in this place.
 C = Inter-level travel time spent in this place.
 D = Time resting spent in this place.
 E = Time spent auto-exploring this place.
 F = Levels seen in this place.
 G = Mean time per level.
                   A        B        C        D        E       F      G
               +--------+--------+--------+--------+--------+-----+--------+
         Total |    143 |    143 |      0 |      0 |     93 |   1 |  143.0 |
       Dungeon |    143 |    143 |      0 |      0 |     93 |   1 |  143.0 |
               +--------+--------+--------+--------+--------+-----+--------+

Top non-repeatable levels by time:
     D:1: 143 daAuts
